 Dungeon Crawl Stone Soup version 0.27.1 (webtiles) character file.

Game seed: 10673868435275256858

27 Sabo the Skirmisher (level 2, 0/24 HPs)
             Began as a Demonspawn Fighter on Aug 26, 2021.
             Slain by a goblin (3 damage)
             ... led by Robin
             ... on level 2 of the Dungeon.
             The game lasted 00:06:10 (1275 turns).

Sabo the Skirmisher (Demonspawn Fighter)            Turns: 1275, Time: 00:06:12

Health: 0/24       AC:  6    Str: 16    XL:     2   Next: 93%
Magic:  2/2        EV:  6    Int:  9    God:
Gold:   83         SH:  8    Dex: 12    Spells: 1/1 levels left

rFire    . . .     SeeInvis .   a - +0 war axe
rCold    . . .     Faith    .   c - +0 kite shield
rNeg     . . .     Spirit   .   b - +0 scale mail
rPois    .         Reflect  .   (helmet restricted)
rElec    .         Harm     .   (no cloak)
rCorr    .         Rampage  .   (no gloves)
Will     .....                  (no boots)
Stlth    ..........             (no amulet)
HPRegen  0.08/turn              (no ring)
MPRegen  0.08/turn              (no ring)

@: mighty
A: antennae 1
a: no special abilities


You were on level 2 of the Dungeon.
You visited 1 branch of the dungeon, and saw 2 of its levels.

You collected 83 gold pieces.

Inventory:

Hand Weapons
 a - a +0 war axe (weapon)
 e - a +0 whip of freezing
Armour
 b - a +0 scale mail (worn)
 c - a +0 kite shield (worn)
Scrolls
 f - a scroll of noise {unknown}
 h - a scroll of enchant weapon {unknown}
 i - a scroll of blinking {unknown}
Potions
 d - a potion of might
 g - 2 potions of berserk rage {unknown}
 j - a potion of lignification {unknown}


   Skills:
 + Level 3.2 Fighting
 + Level 2.0 Axes
 + Level 3.1 Armour
 + Level 3.1 Shields


You had one spell level left.
You didn't know any spells.
Your spell library was empty.

Dungeon Overview and Level Annotations

Branches:
Dungeon (2/15)

Altars:


Innate Abilities, Weirdness & Mutations

You have a pair of small antennae on your head.


Message History

You slash the goblin!
You kill the goblin!
You hit the goblin.
You kill the goblin!
Items here: ))))) ††.
Robin roars a battlecry!
The goblins go into a battle-frenzy!
The goblin closely misses you. Robin throws the goblin at you!
You block the goblin's attack.
You slash the goblin!
You kill the goblin!
You closely miss the goblin. x2; You block the bat's attack.
The goblin hits you with a +0 dagger. You block the goblin's attack.
The goblin hits you but does no damage. x2
You slash the goblin!
You kill the goblin!
You slash the bat!
You kill the bat!
You slash the goblin!
You kill the goblin!
You miss the goblin. Robin hits you with a +0 whip.
* * * LOW HITPOINT WARNING * * *
The goblin hits you but does no damage.
Your Axes skill increases to level 2!
You slash Robin!
Robin is heavily wounded.
You closely miss the goblin. You miss the goblin.
The goblin hits you but does no damage. The goblin barely misses you.
You block the goblin's attack. The goblin barely misses you.
You block the goblin's attack. Robin hits you with a +0 whip.
* * * LOW HITPOINT WARNING * * *
The goblin hits you with a +0 club.
* * * LOW HITPOINT WARNING * * *
You slash Robin!
You kill Robin!
You slash the goblin!
You kill the goblin!
You miss the goblin. You closely miss the goblin. x2
You block the goblin's attack. The goblin hits you with a +0 dagger.
You die...

#####..........#
......#.†......#
########.......#####
..............#
###.......###.#
####.......#
.[.........# ###.#
####.##.######......
#.##..).g@).....# .
#####gg)......
#....##### ##...#
#...# ....# ##..#
..#


You could see 3 goblins.

Vanquished Creatures
  Robin (D:2)
  A dart slug (D:1)
  A ball python (D:1)
  An endoplasm (D:1)
  A giant cockroach (D:1)
  10 goblins
  2 kobolds (D:1)
  A quokka (D:1)
  2 bats (D:2)
  4 frilled lizards
24 creatures vanquished.

Notes
Turn   | Place    | Note
-------+----------+-------------------------------------------
     0 | D:1      | Sabo the Demonspawn Fighter began the quest for the Orb.
     0 | D:1      | Reached XP level 1. HP: 18/18 MP: 1/1
   538 | D:1      | Gained mutation: You have a pair of small antennae on your
                  | head. [demonic ancestry]
   538 | D:1      | Reached XP level 2. HP: 24/24 MP: 2/2
  1252 | D:2      | Noticed Robin
  1275 | D:2      | Killed Robin
  1275 | D:2      | Slain by a goblin

Illustrated notes

Levels and vault maps discovered:
D:1:      amcnicky_arrival_underground_garden, layout_basic
D:2:      layout_loops_ring, uniq_robin

Skill      XL: |  1  2 |
---------------+-------+-----
Armour         | 3 |  3.1
Shields        | 3 |  3.1
Axes           | 2 |  2.0
Fighting       | |  3.2

Action                   || total
-------------------------++-------
Melee: War axe           ||    51
  Use: Potion            ||     1
Armor: Scale mail        ||    29
Dodge: Dodged            ||    13
Block: Kite shield       ||    32
